 Dungeon Crawl Stone Soup version 0.31-a0-240-gb923e448b6 (webtiles) character file.

Game seed: 6073074802736556039

16470 qw the Marksgargoyle (level 12, 0/77 HPs)
             Began as a Gargoyle Hexslinger on July 11, 2023.
             Was a Follower of Okawaru.
             Slain by a vault guard
             ... wielding a +0 broad axe
              (10 damage)
             ... on level 13 of the Dungeon.
             The game lasted 00:04:57 (11318 turns).

qw the Marksgargoyle (Gargoyle Hexslinger)         Turns: 11318, Time: 00:04:58

Health: 0/77       AC: 24    Str: 13    XL:     12   Next: 37%
Magic:  12/15      EV: 22    Int: 14    God:    Okawaru [*.....]
Gold:   458        SH:  0    Dex: 16    Spells: 12/13 levels left

rFire   . . .        p - +2 triple crossbow (heavy)
rCold   + . .        (shield currently unavailable)
rNeg    + . .        q - +1 leather armour {rC+}
rPois   inf          s - +2 helmet
rElec   +            f - +0 cloak
rCorr   .            i - +1 pair of gloves
SInv    +            a - +2 pair of boots
Will    .....        (no amulet)
Stlth   +++          e - ring of see invisible
HPRegen 0.32/turn    g - +5 ring of evasion
MPRegen 0.14/turn

%: no passive effects
@: heroic
A: sickness immunity, AC +8, negative energy resistance 1, electricity
resistance, torment resistance 1, petrification resistance
a: Renounce Religion, Heroism


You were on level 13 of the Dungeon.
You worshipped Okawaru.
Okawaru was aware of your devotion.
You visited 2 branches of the dungeon, and saw 13 of its levels.
You also visited: Ossuary.

You collected 690 gold pieces.
You spent 232 gold pieces at shops.


Innate Abilities, Weirdness & Mutations

You are immune to sickness and miasma.
Your stone body is resilient. (AC +8)
You are immune to poison.
You resist negative energy. (rN+)
You are resistant to electric shocks. (rElec)
You are resistant to unholy torment.
You are immune to petrification.


   Skills:
 - Level 10.0(15.0) Fighting
 + Level 15.5(20.5) Ranged Weapons
 - Level 5.0(10.0) Armour
 - Level 5.1(10.1) Dodging
 - Level 1.0 Spellcasting
 - Level 2.6 Hexes
 - Level 4.2 Invocations


You had 12 spell levels left.
You knew the following spells:

 Your Spells              Type           Power      Damage    Failure   Level
a - Slow                  Hex            32%        N/A       11%         1

Your spell library contained the following spells:

 Spells                   Type           Power      Damage    Failure   Level
 Inner Flame              Hex/Fire       4%         N/A       47%         3
 Portal Projectile        Hex/Tloc       8%         N/A       47%         3
 Cause Fear               Hex            4%         N/A       71%         4

Inventory:

Hand Weapons
 p - a +2 heavy triple crossbow (weapon)
Armour
 a - a +2 pair of boots (worn)
 f - a +0 cloak (worn)
 i - a +1 pair of gloves (worn)
 k - +0 swamp dragon scales
 q - a +1 leather armour of cold resistance (worn)
 s - a +2 helmet (worn)
Jewellery
 e - a ring of see invisible (left hand)
 g - a +5 ring of evasion (right hand)
 j - a +4 ring of slaying {mikee}
 n - a ring of fire
Scrolls
 h - 10 scrolls of identify
 m - 6 scrolls of teleportation
Potions
 b - 4 potions of mutation
 c - 2 potions of enlightenment
 d - 2 potions of haste
 l - 2 potions of cancellation
 o - 2 potions of heal wounds

Dungeon Overview and Level Annotations

Branches:
Dungeon (13/15)            Temple (1/1) D:4             Orc (0/2) D:9
Ossuary (visited)
   Lair: D:8-11      Vaults: D:13-14

Altars:
Ashenzari
Cheibriados
Dithmenos
Elyvilon
Fedhas
Gozag
Hepliaklqana
Kikubaaqudgha
Makhleb
Nemelex Xobeh
Okawaru
Qazlal
Ru
Sif Muna
Trog
Uskayaw
Vehumet
Wu Jian
Xom
Yredelemnul
Zin
The Shining One

Shops:
D:1 [=??   D:3 ?   D:7 *   D:10 =

Annotations:
D:3 3 runed translucent doors, qw's ghost, amateur MiHs
D:10 4 runed translucent doors


Message History

11314 ||| INVOKING Heroism.
You gain the combat prowess of a mighty hero.
The slime creature barely misses you.
The vault guard hits you but does no damage.
The vault guard misses you.
You shoot a bolt. The bolt hits the vault guard!!!
You kill the vault guard!
Okawaru accepts your kill. The slime creature hits you!
The vault guard hits you with a +0 war axe!
The slime creature hits you but does no damage.
The boulder beetle curls into a ball and begins rolling!
The kobold demonologist gestures wildly while chanting.
The vault guard hits you with a +0 war axe.
You shoot a bolt.
The bolt completely misses the vault guard.
The bolt barely misses the gargoyle.
The cane toad changes into a yaktaur!
The vault guard misses you. The slime creature misses you.
The vault guard completely misses you. The slime creature barely misses you.
The vault guard hits you but does no damage.
The vault guard hits you with a +0 broad axe.
The boulder beetle stops rolling and uncurls.
You shoot a bolt. The bolt hits the vault guard!!
The vault guard is heavily wounded.
The vault guard hits you but does no damage.
The vault guard misses you.
The slime creature completely misses you.
The vault guard hits you but does no damage.
The slime creature completely misses you.
The vault guard hits you but does no damage.
You shoot a bolt. The bolt barely misses the vault guard.
The yaktaur changes into a harpy!
The vault guard hits you with a +0 broad axe!
The slime creature completely misses you.
The vault guard hits you but does no damage.
The slime creature closely misses you.
The vault guard hits you with a +0 war axe!
The vault guard hits you with a +0 broad axe!
You die...

......#.........#
......'.........#.......
##....#%........#.......
.###'##.........#.......
.#....#.........#.......
.#....#.........#.......
.#....#.........#9......
.#....#.........#p......
.#....#.........@pHH....
.######........##JpK....
......#.......## #B4...#
......#......# #...##
......# ..... #'##
.###### ####. ... ..#
%#. ..# . ###


You could see a boulder beetle, 3 vault guards, a slime creature, a manticore, a
kobold demonologist, a harpy shaped shifter, a red devil (summoned) and a
gargoyle.

Vanquished Creatures
  A hydra (D:8)
  A vault guard (D:13)
  An ogre mage (D:10)
  A centaur warrior (D:8)
  A two-headed ogre (D:11)
  A tengu warrior (D:13)
  A wizard (D:11)
  2 ugly things
  A cyclops (D:10)
  A manticore (D:13)
  2 kobold demonologists
  Maggie (D:8)
  A troll (D:11)
  Prince Ribbit (D:4)
  A hornet (D:7)
  2 vampires
  3 wyverns
  13 yaks
  3 wraiths
  A human (shapeshifter) (D:13)
  Grum (D:8)
  A steam dragon (D:10)
  A warg (D:11)
  3 water moccasins
  An acid dragon (D:8)
  12 orc warriors
  An ice beast (D:7)
  2 sky beasts
  2 black bears (D:7)
  2 ogres
  2 phantoms
  4 centaurs
  4 wolves (D:8)
  An elf zombie (Ossuary)
  5 bullfrogs
  4 kobold brigands
  A gnoll sergeant (D:10)
  A scorpion (D:4)
  9 wights
  3 killer bees (D:9)
  3 howler monkeys
  4 human zombies (Ossuary)
  4 jellies
  A gnoll bouda (D:4)
  5 orc priests
  4 hounds
  4 iguanas
  4 sleepcaps
  Terence (D:2)
  14 orc wizards
  A hound zombie (Ossuary)
  3 mummies (Ossuary)
  Robin (D:2)
  12 gnolls (D:4)
  5 adders
  2 shadow imps (D:5)
  6 white imps
  3 adder zombies (Ossuary)
  3 worms
  A dart slug (D:3)
  42 orcs
  10 ball pythons
  11 endoplasms
  2 giant cockroaches (D:3)
  3 gnoll zombies (Ossuary)
  10 goblins
  13 hobgoblins
  2 jackals (D:2)
  15 kobolds
  A quokka (D:4)
  4 bats
  3 frilled lizards
  5 goblin zombies (Ossuary)
  A hobgoblin zombie (Ossuary)
  6 jackal zombies (Ossuary)
  2 kobold zombies (Ossuary)
  4 orc zombies (Ossuary)
  A quokka zombie (Ossuary)
  8 rats
  6 rat zombies (Ossuary)
329 creatures vanquished.

Notes
Turn   | Place    | Note
-------+----------+-------------------------------------------
     0 | D:1      | qw the Gargoyle Hexslinger began the quest for the Orb.
     0 | D:1      | Reached XP level 1. HP: 12/12 MP: 2/2
     0 | D:1      | 0 ||| qw: Version: 0.3-a-52-g30416fa
     0 | D:1      | 0 ||| qw: Game counter: 6126
     0 | D:1      | 0 ||| qw: Melee chars always use a shield: true
     0 | D:1      | 0 ||| qw: God list: Okawaru
     0 | D:1      | 0 ||| qw: Allow faded altars: false
     0 | D:1      | 0 ||| qw: Do Orc after clearing Dungeon:15 true
     0 | D:1      | 0 ||| qw: Do second Lair branch before Depths: true
     0 | D:1      | 0 ||| qw: Lair rune preference: random
     0 | D:1      | 0 ||| qw: Goals: Normal
     0 | D:1      | 0 ||| PLANNING D:1-11
    54 | D:1      | Found Yruh's Magic Scroll Shoppe.
    71 | D:1      | 71 ||| SHOPLISTING scroll of enchant armour (90 gold, have
                  | 5).
    71 | D:1      | 71 ||| SHOPLISTING scroll of identify (24 gold, have 5).
    71 | D:1      | 71 ||| SHOPLISTING scroll of teleportation (36 gold, have
                  | 5).
   127 | D:1      | Reached XP level 2. HP: 16/16 MP: 3/3
   150 | D:1      | Found a faded altar of an unknown god.
   301 | D:1      | Reached skill level 3 in Ranged Weapons
   303 | D:1      | Found Kawarphua's Magic Scroll Boutique.
   313 | D:1      | 313 ||| SHOPLISTING scroll of acquirement (676 gold, have
                  | 39).
   313 | D:1      | 313 ||| SHOPLISTING scroll of enchant weapon (97 gold, have
                  | 39).
   313 | D:1      | 313 ||| BUYING scroll of identify (26 gold).
   313 | D:1      | Bought a scroll of identify for 26 gold pieces
   313 | D:1      | 313 ||| SHOPLISTING scroll of identify (26 gold, have 13).
   313 | D:1      | 313 ||| SHOPLISTING scroll of teleportation (39 gold, have
                  | 13).
   321 | D:1      | Found Wasurgh's Jewellery Shop.
   328 | D:1      | 328 ||| SHOPLISTING amulet of regeneration (360 gold, have
                  | 13).
   328 | D:1      | 328 ||| SHOPLISTING ring of protection from cold (300 gold,
                  | have 13).
   328 | D:1      | 328 ||| SHOPLISTING ring of resist corrosion (240 gold,
                  | have 13).
   328 | D:1      | 328 ||| SHOPLISTING ring of see invisible (180 gold, have
                  | 13).
   365 | D:1      | Found Ewuezo Deec's Antique Armour Shop.
   375 | D:1      | 375 ||| SHOPLISTING dyed leather armour (95 gold, have 13).
   375 | D:1      | 375 ||| SHOPLISTING glowing robe (70 gold, have 13).
   375 | D:1      | 375 ||| SHOPLISTING helmet (85 gold, have 13).
   375 | D:1      | 375 ||| SHOPLISTING leather armour (38 gold, have 13).
   375 | D:1      | 375 ||| SHOPLISTING pair of gloves (85 gold, have 13).
   598 | D:1      | 598 ||| UPGRADING to +1 pair of gloves.
   603 | D:1      | 603 ||| UPGRADING to +0 ring mail.
   613 | D:1      | 613 ||| DROPPING +0 robe.
   614 | D:1      | 614 ||| READING 2 scrolls labelled AWUSME CEUW.
   615 | D:1      | 615 ||| READING scroll labelled TURAFI GAVODO.
   619 | D:1      | 619 ||| DROPPING scroll of immolation.
   620 | D:1      | 620 ||| DROPPING scroll of poison.
   634 | D:2      | 634 ||| STAIRDANCE
   638 | D:1      | Reached XP level 3. HP: 18/21 MP: 4/4
   653 | D:1      | Reached skill level 1 in Armour
   675 | D:2      | Noticed Terence
   710 | D:2      | Killed Terence
   711 | D:2      | Reached XP level 4. HP: 12/26 MP: 5/5
  1024 | D:2      | Reached skill level 4 in Ranged Weapons
  1304 | D:2      | Noticed Robin
  1335 | D:2      | HP: 5/26 [Robin/+0 mace (3)]
  1337 | D:2      | Killed Robin
  1338 | D:2      | Reached XP level 5. HP: 7/30 MP: 6/6
  1806 | D:2      | 1806 ||| UPGRADING to +2 pair of boots.
  1811 | D:2      | 1811 ||| UPGRADING to +2 animal skin.
  1821 | D:2      | 1821 ||| DROPPING +0 ring mail.
  1822 | D:2      | 1822 ||| UPGRADING to +0 helmet.
  1827 | D:2      | 1827 ||| UPGRADING to ring of see invisible.
  1828 | D:2      | 1828 ||| READING scroll labelled LOEJUZ TOPLIRGH.
  1929 | D:2      | 1929 ||| READING scroll labelled DIEBU CAOVEIQ.
  1930 | D:2      | 1930 ||| READING 4 scrolls of identify.
  1930 | D:2      | 1930 ||| IDENTIFYING bubbling brown potion
  1931 | D:2      | 1931 ||| READING 3 scrolls of identify.
  1931 | D:2      | 1931 ||| IDENTIFYING bubbling coppery potion
  1932 | D:2      | 1932 ||| READING 2 scrolls of identify.
  1932 | D:2      | 1932 ||| IDENTIFYING murky cyan potion
  1933 | D:2      | 1933 ||| DROPPING potion of invisibility.
  2064 | D:3      | Found Itaoveese's Magic Scroll Boutique.
  2067 | D:3      | 2067 ||| SHOPLISTING scroll of acquirement (520 gold, have
                  | 59).
  2067 | D:3      | 2067 ||| SHOPLISTING scroll of enchant armour (75 gold,
                  | have 59).
  2067 | D:3      | 2067 ||| BUYING scroll of identify (20 gold).
  2067 | D:3      | Bought a scroll of identify for 20 gold pieces
  2217 | D:3      | Reached skill level 5 in Ranged Weapons
  2326 | D:3      | Found a runed translucent gate.
  2328 | D:3      | Found a runed translucent gate.
  2328 | D:3      | Found a runed translucent gate.
  2330 | D:3      | Noticed qw's ghost (amateur MiHs)
  2332 | D:3      | Identified the +4 ring mail of Woiheqyj {Will- Str+3 Int+6}
  2964 | D:3      | 2964 ||| UPGRADING to +5 ring of evasion.
  2965 | D:3      | 2965 ||| READING 3 scrolls of identify.
  2965 | D:3      | 2965 ||| IDENTIFYING emerald potion
  3037 | D:4      | Reached skill level 3 in Fighting
  3043 | D:4      | Reached XP level 6. HP: 25/37 MP: 7/7
  3071 | D:4      | 3071 ||| FLEEEEING.
  3072 | D:4      | 3072 ||| FLEEEEING.
  3073 | D:4      | 3073 ||| FLEEEEING.
  3079 | D:4      | 3079 ||| STAIRDANCE
  3222 | D:4      | 3222 ||| Stepping ~*~*~tactically~*~*~ (outnumbered).
  3254 | D:4      | HP: 6/37 [gnoll/+0 flail (4)]
  3254 | D:4      | HP: 1/37 [gnoll/+0 spear (5)]
  3255 | D:4      | 3255 ||| DRINKING potion of heal wounds.
  3264 | D:4      | HP: 8/37 [gnoll/+0 spear (6)]
  3269 | D:4      | HP: 5/37 [gnoll/+0 spear (5)]
  3422 | D:4      | Reached skill level 6 in Ranged Weapons
  3841 | D:4      | Found a staircase to the Ecumenical Temple.
  3842 | D:4      | 3842 ||| PLANNING TEMPLE
  3842 | D:4      | 3842 ||| UPGRADING to +0 cloak.
  3847 | D:4      | 3847 ||| READING scroll labelled EMOSHE EDOT.
  3848 | D:4      | 3848 ||| READING 3 scrolls of identify.
  3848 | D:4      | 3848 ||| IDENTIFYING orange potion
  3849 | D:4      | 3849 ||| DROPPING potion of degeneration.
  3856 | Temple   | Entered the Ecumenical Temple
  4130 | Temple   | 4130 ||| PLANNING D:1-11
  4163 | D:4      | Reached XP level 7. HP: 43/43 MP: 8/8
  4250 | D:5      | Entered Level 5 of the Dungeon
  4250 | D:5      | Noticed Prince Ribbit
  4254 | D:5      | 4254 ||| STAIRDANCE
  4258 | D:4      | 4258 ||| FLEEEEING.
  4259 | D:4      | 4259 ||| FLEEEEING.
  4260 | D:4      | 4260 ||| FLEEEEING.
  4265 | D:4      | 4265 ||| STAIRDANCE
  4358 | D:4      | Killed Prince Ribbit
  4359 | D:4      | Reached skill level 7 in Ranged Weapons
  4741 | D:5      | Reached skill level 8 in Ranged Weapons
  4741 | D:5      | Reached XP level 8. HP: 48/48 MP: 9/9
  4947 | D:5      | 4947 ||| SWAPPING to +0 orcbow.
  4948 | D:5      | 4948 ||| DROPPING +1 sling of electrocution.
  4949 | D:5      | 4949 ||| DROPPING +6 ring of intelligence.
  4950 | D:5      | 4950 ||| DRINKING 2 blue potions.
  4951 | D:5      | 4951 ||| READING 5 scrolls of identify.
  4951 | D:5      | 4951 ||| IDENTIFYING sedimented inky potion
  4952 | D:5      | 4952 ||| DROPPING potion of attraction.
  4953 | D:5      | 4953 ||| DROPPING potion of brilliance.
  4987 | D:6      | 4987 ||| Stepping ~*~*~tactically~*~*~ (outnumbered).
  4989 | D:6      | 4989 ||| Stepping ~*~*~tactically~*~*~ (outnumbered).
  4991 | D:6      | 4991 ||| Stepping ~*~*~tactically~*~*~ (outnumbered).
  5259 | D:6      | Reached skill level 9 in Ranged Weapons
  5259 | D:6      | 5259 ||| FLEEEEING.
  5260 | D:6      | 5260 ||| FLEEEEING.
  5261 | D:6      | 5261 ||| FLEEEEING.
  5262 | D:6      | 5262 ||| FLEEEEING.
  5263 | D:6      | 5263 ||| FLEEEEING.
  5264 | D:6      | 5264 ||| FLEEEEING.
  5265 | D:6      | 5265 ||| FLEEEEING.
  5270 | D:6      | 5270 ||| FLEEEEING.
  5271 | D:6      | 5271 ||| FLEEEEING.
  5272 | D:6      | 5272 ||| FLEEEEING.
  5273 | D:6      | 5273 ||| FLEEEEING.
  5274 | D:6      | 5274 ||| FLEEEEING.
  5275 | D:6      | 5275 ||| FLEEEEING.
  5276 | D:6      | 5276 ||| FLEEEEING.
  5277 | D:6      | 5277 ||| FLEEEEING.
  5278 | D:6      | 5278 ||| FLEEEEING.
  5279 | D:6      | 5279 ||| FLEEEEING.
  5280 | D:6      | 5280 ||| FLEEEEING.
  5281 | D:6      | 5281 ||| FLEEEEING.
  5282 | D:6      | 5282 ||| FLEEEEING.
  5283 | D:6      | 5283 ||| FLEEEEING.
  5284 | D:6      | 5284 ||| FLEEEEING.
  5289 | D:6      | 5289 ||| FLEEEEING.
  5290 | D:6      | 5290 ||| FLEEEEING.
  5291 | D:6      | 5291 ||| FLEEEEING.
  5292 | D:6      | 5292 ||| FLEEEEING.
  5293 | D:6      | 5293 ||| FLEEEEING.
  5294 | D:6      | 5294 ||| FLEEEEING.
  5295 | D:6      | 5295 ||| FLEEEEING.
  5296 | D:6      | 5296 ||| FLEEEEING.
  5297 | D:6      | 5297 ||| FLEEEEING.
  5298 | D:6      | 5298 ||| FLEEEEING.
  5299 | D:6      | 5299 ||| FLEEEEING.
  5300 | D:6      | 5300 ||| FLEEEEING.
  5417 | D:6      | Reached skill level 3 in Armour
  5576 | D:6      | Reached skill level 6 in Fighting
  5576 | D:6      | Reached XP level 9. HP: 55/55 MP: 10/10
  5962 | D:6      | 5962 ||| UPGRADING to +2 robe of cold resistance.
  5972 | D:6      | 5972 ||| DROPPING +2 animal skin.
  5973 | D:6      | 5973 ||| UPGRADING to +2 helmet.
  5983 | D:6      | 5983 ||| DROPPING +0 helmet.
  5984 | D:6      | 5984 ||| READING scroll labelled BUSTRA VOGASCH.
  5985 | D:6      | 5985 ||| READING scroll labelled HOUPOL AMU.
  5986 | D:6      | 5986 ||| READING 4 scrolls of identify.
  5986 | D:6      | 5986 ||| IDENTIFYING lumpy purple potion
  6143 | D:7      | 6143 ||| Stepping ~*~*~tactically~*~*~ (outnumbered).
  6164 | D:7      | 6164 ||| DRINKING potion of curing.
  6164 | D:7      | 6164 ||| (to cure confusion)
  6312 | D:7      | Reached skill level 10 in Ranged Weapons
  6340 | D:7      | Reached skill level 3 in Dodging
  6394 | D:7      | Found Helo's Assorted Antiques.
  6410 | D:7      | 6410 ||| SHOPLISTING garnet-encrusted ring mail (279 gold,
                  | have 218).
  6410 | D:7      | 6410 ||| SHOPLISTING pair of glowing boots (232 gold, have
                  | 218).
  6410 | D:7      | 6410 ||| BUYING potion of curing (93 gold).
  6410 | D:7      | Bought a potion of curing for 93 gold pieces
  6410 | D:7      | 6410 ||| SHOPLISTING potion of mutation (248 gold, have
                  | 125).
  6410 | D:7      | 6410 ||| BUYING scroll labelled ALIASEGEDI (31 gold).
  6410 | D:7      | Bought a scroll labelled ALIASEGEDI for 31 gold pieces
  6410 | D:7      | 6410 ||| BUYING scroll labelled IKUXKAOPIY (31 gold).
  6410 | D:7      | Bought a scroll labelled IKUXKAOPIY for 31 gold pieces
  6410 | D:7      | 6410 ||| BUYING scroll labelled UJUL TARAOSU (31 gold).
  6410 | D:7      | Bought a scroll labelled UJUL TARAOSU for 31 gold pieces
  6711 | D:7      | Noticed a hornet
  6731 | D:7      | Killed a hornet
  6770 | D:7      | 6770 ||| FLEEEEING.
  6771 | D:7      | 6771 ||| FLEEEEING.
  6772 | D:7      | 6772 ||| FLEEEEING.
  6773 | D:7      | 6773 ||| FLEEEEING.
  6774 | D:7      | 6774 ||| FLEEEEING.
  6776 | D:7      | 6776 ||| FLEEEEING.
  6777 | D:7      | 6777 ||| FLEEEEING.
  6778 | D:7      | 6778 ||| FLEEEEING.
  6779 | D:7      | 6779 ||| FLEEEEING.
  6780 | D:7      | 6780 ||| FLEEEEING.
  6782 | D:7      | 6782 ||| FLEEEEING.
  6784 | D:7      | 6784 ||| FLEEEEING.
  6795 | D:7      | Reached skill level 11 in Ranged Weapons
  7094 | D:7      | 7094 ||| READING scroll labelled UNTAGE HYTH.
  7094 | D:7      | Identified a scroll of acquirement
  7094 | D:7      | 7094 ||| ACQUIRING +2 triple crossbow of flaming
  7094 | D:7      | Acquired a +2 triple crossbow of flaming
  7096 | D:7      | 7096 ||| SWAPPING to +2 triple crossbow of flaming.
  7097 | D:7      | 7097 ||| DROPPING +0 orcbow.
  7098 | D:7      | 7098 ||| READING scroll labelled ILENLO RACKYSA.
  7099 | D:7      | 7099 ||| READING scroll labelled ALIASEGEDI.
  7100 | D:7      | 7100 ||| READING scroll labelled IKUXKAOPIY.
  7101 | D:7      | 7101 ||| READING scroll labelled UJUL TARAOSU.
  7102 | D:7      | 7102 ||| READING 5 scrolls of identify.
  7102 | D:7      | 7102 ||| IDENTIFYING golden potion
  7103 | D:7      | 7103 ||| DROPPING potion of lignification.
  7119 | D:8      | 7119 ||| PLANNING OSSUARY
  7123 | D:8      | 7123 ||| STAIRDANCE
  7126 | D:7      | Reached XP level 10. HP: 55/64 MP: 11/11
  7134 | D:7      | HP: 13/64 [yak (6)]
  7135 | D:7      | 7135 ||| READING 2 scrolls of teleportation.
  7136 | D:7      | 7136 ||| DRINKING 3 potions of heal wounds.
  7395 | D:8      | Noticed a centaur warrior
  7398 | D:8      | Killed a centaur warrior
  7399 | D:8      | Reached skill level 12 in Ranged Weapons
  7569 | D:8      | Noticed an eight-headed hydra
  7572 | D:8      | Killed an eight-headed hydra
  7713 | D:8      | Found a sand-covered staircase.
  7722 | Ossuary  | Entered an ossuary
  7969 | D:8      | 7969 ||| PLANNING D:1-11
  8062 | D:8      | Noticed Maggie
  8064 | D:8      | Killed Maggie
  8102 | D:8      | 8102 ||| Stepping ~*~*~tactically~*~*~ (water).
  8247 | D:8      | Reached skill level 13 in Ranged Weapons
  8254 | D:8      | Reached XP level 11. HP: 59/69 MP: 12/12
  8391 | D:8      | Noticed Grum
  8392 | D:8      | Killed Grum
  8393 | D:8      | Reached skill level 9 in Fighting
  8482 | D:8      | 8482 ||| READING 6 scrolls of identify.
  8482 | D:8      | 8482 ||| IDENTIFYING inky potion
  8537 | D:9      | 8537 ||| READING scroll of brand weapon.
  8537 | D:9      | 8537 ||| BRANDING +2 triple crossbow of flaming.
  8783 | D:9      | 8783 ||| Stepping ~*~*~tactically~*~*~ (outnumbered).
  9008 | D:9      | Found a shadowy altar of Dithmenos.
  9025 | D:9      | Reached skill level 14 in Ranged Weapons
  9129 | D:9      | HP: 17/71 [orc priest/divine providence (9)]
  9130 | D:9      | 9130 ||| READING 5 scrolls of teleportation.
  9131 | D:9      | 9131 ||| DRINKING 2 potions of heal wounds.
  9369 | D:9      | Found a staircase to the Orcish Mines.
  9399 | D:10     | Entered Level 10 of the Dungeon
  9432 | D:10     | Found a basalt altar of Yredelemnul.
  9434 | D:10     | Found a radiant altar of Vehumet.
  9533 | D:10     | 9533 ||| Stepping ~*~*~tactically~*~*~ (outnumbered).
  9538 | D:10     | 9538 ||| Stepping ~*~*~tactically~*~*~ (outnumbered).
  9539 | D:10     | 9539 ||| Stepping ~*~*~tactically~*~*~ (outnumbered).
  9636 | D:10     | Found Oriddoul's Jewellery Shoppe.
  9644 | D:10     | 9644 ||| SHOPLISTING +6 ring of dexterity (576 gold, have
                  | 345).
  9644 | D:10     | 9644 ||| SHOPLISTING +6 ring of strength (576 gold, have
                  | 345).
  9644 | D:10     | 9644 ||| SHOPLISTING amulet of faith (640 gold, have 345).
  9644 | D:10     | 9644 ||| SHOPLISTING ring of protection from cold (400
                  | gold, have 345).
  9707 | D:10     | Found a bloodstained altar of Trog.
  9731 | D:10     | 9731 ||| DRINKING 2 potions of curing.
  9731 | D:10     | 9731 ||| (to cure confusion)
  9810 | D:10     | Found a large runed translucent door.
  9810 | D:10     | Found a large runed translucent door.
  9818 | D:10     | Noticed a rakshasa
  9818 | D:10     | Noticed a manticore
  9831 | D:10     | Noticed a cyclops
  9833 | D:10     | Killed a cyclops
 10075 | D:10     | Found a large runed translucent door.
 10075 | D:10     | Found a large runed translucent door.
 10101 | D:10     | Noticed an ogre mage
 10102 | D:10     | Paralysed by an ogre mage for 5 turns
 10106 | D:10     | Killed an ogre mage
 10255 | D:10     | 10255 ||| UPGRADING to +1 leather armour of cold
                  | resistance.
 10265 | D:10     | 10265 ||| DROPPING +2 robe of cold resistance.
 10266 | D:10     | 10266 ||| READING scroll labelled ZYAFFO COYDWO.
 10313 | D:10     | 10313 ||| READING scroll labelled TEOMPUMAICA.
 10371 | D:10     | Found a white marble altar of Elyvilon.
 10374 | D:10     | Found an iron altar of Okawaru.
 10375 | D:10     | 10375 ||| PLANNING OKAWARU WORSHIP
 10382 | D:10     | Became a worshipper of Warmaster Okawaru
 10383 | D:10     | 10383 ||| PLANNING D:1-11
 10435 | D:11     | HP: 17/72 [yak (4)]
 10436 | D:11     | 10436 ||| DRINKING 2 potions of curing.
 10436 | D:11     | 10436 ||| (to cure confusion)
 10438 | D:11     | 10438 ||| DRINKING potion of curing.
 10438 | D:11     | 10438 ||| (to cure confusion)
 10478 | D:11     | 10478 ||| FLEEEEING.
 10479 | D:11     | 10479 ||| FLEEEEING.
 10480 | D:11     | 10480 ||| FLEEEEING.
 10481 | D:11     | 10481 ||| FLEEEEING.
 10486 | D:11     | Reached skill level 15 in Ranged Weapons
 10599 | D:11     | Noticed a wizard
 10601 | D:11     | Killed a wizard
 10601 | D:11     | Reached * piety under Okawaru
 10602 | D:11     | Reached XP level 12. HP: 77/77 MP: 13/13
 10720 | D:11     | Noticed a two-headed ogre
 10722 | D:11     | Killed a two-headed ogre
 10723 | D:11     | Reached skill level 1 in Invocations
 10891 | D:11     | You fall into a shaft and drop 2 floors!
 11020 | D:13     | 11020 ||| INVOKING Heroism.
 11022 | D:13     | Reached skill level 3 in Invocations
 11174 | D:13     | 11174 ||| INVOKING Heroism.
 11306 | D:13     | Noticed a vault guard
 11306 | D:13     | Noticed a tengu warrior
 11306 | D:13     | Noticed a vault guard
 11307 | D:13     | 11307 ||| INVOKING Heroism.
 11308 | D:13     | Noticed a vault guard
 11309 | D:13     | Noticed a boulder beetle
 11310 | D:13     | Killed a tengu warrior
 11311 | D:13     | Noticed a vault guard
 11314 | D:13     | 11314 ||| INVOKING Heroism.
 11315 | D:13     | Killed a vault guard
 11318 | D:13     | HP: 10/77 [vault guard/+0 war axe (11)]
 11318 | D:13     | Slain by a vault guard

Levels and vault maps discovered:
D:1:      sevenhm_arrival_forest_fort_small_5, layout_basic, serial_shops,
          nicolae_square_shop, shop, nicolae_shop_peninsula, shop,
          hellmonk_ecumenical_altar_crossroads, st_stairs_10
D:2:      minmay_diamond_boxcup, layout_loops_corners, uniq_terence, uniq_robin
D:3:      layout_basic, biasface_ghost_orc_armoury, serial_shops, shop,
          serial_bayou_lake_a
D:4:      layout_loops_cross, minmay_temple_entry_hall,
          minmay_goblin_kobold_house
D:5:      layout_basic, uniq_prince_ribbit1
D:6:      layout_basic
D:7:      minmay_spotlight, layout_loops_corners, serial_shops, shop_statue,
          chequers_jeans
D:8:      layout_gridville, enter_bailey_4, chequers_ossuary_entry_cave,
          minmay_manual_mail, uniq_maggie, uniq_grum
D:9:      layout_loops_cross, nicolae_dithmenos_through_a_glass_darkly,
          david_orc_4
D:10:     layout_stronghold, nicolae_overflow_hidden_temple, serial_shops, shop,
          minmay_hollow_rounded_squares
D:11:     minmay_distorted_concentric_squares, layout_cave_pods,
          erik_lair_orcish_takeover, serial_column_ruins, column_ruins_hut,
          column_ruins_hut_ruined, column_ruins_open_small,
          column_ruins_open_tiny, column_ruins_grid_4, column_ruins_open_small,
          column_ruins_columns_straight, roderic_lattice_a,
          minmay_misc_feat_encased
D:13:     layout_grid_maze, lightli_vaults_fourway_checkpoint
Temple:   compressed_dpeg_triangle_lava_temple

Skill      XL: |  1  2  3  4  5  6  7  8  9 10 11 12 |
---------------+-------------------------------------+-----
Ranged Weapons | 3 4 5 6 8 9 11 13 15 | 15.5
Fighting       | 2 3 4 6 8 10 | 10.0
Armour         | 1 3 5 |  5.0
Dodging        | 2 3 4 5 |  5.1
Invocations    | 4 |  4.2
Spellcasting   | |  1.0
Hexes          | |  2.6

Action                     |  1- 3 |  4- 6 |  7- 9 | 10-12 || total
---------------------------+-------+-------+-------+-------++-------
   Fire: Sling             |    97 |   307 |    65 |       ||   469
         Orcbow            |       |       |   282 |       ||   282
         Triple crossbow   |       |       |     5 |   365 ||   370
 Invoke: Heroism           |       |       |       |     4 ||     4
    Use: Scroll            |     2 |     8 |    10 |     6 ||    26
         Potion            |       |     1 |     2 |     5 ||     8
 Armour: Ring mail         |    32 |    51 |       |       ||    83
         Animal skin       |       |    43 |    33 |       ||    76
         Robe              |       |       |    34 |    92 ||   126
         Leather armour    |       |       |       |    74 ||    74
  Dodge: Dodged            |    32 |   182 |   153 |   378 ||   745

Table legend:
 A = Non-vault XP
 B = Vault XP
 C = Vault XP percentage of total XP
 D = Non-vault monster count
 E = Vault monster count
 F = Vault count percentage of total count
                 A         B        C        D         E       F
            +---------+---------+-------+---------+---------+-------
      Total |   12896 |   10633 |  45.2 |     205 |     124 |  37.7
            +---------+---------+-------+---------+---------+-------
        D:1 |      48 |       7 |  12.7 |      18 |       4 |  18.2
        D:2 |      45 |      73 |  61.9 |      15 |      16 |  51.6
        D:3 |      69 |       0 |   0.0 |      18 |       0 |   0.0
        D:4 |     425 |     289 |  40.5 |      26 |       4 |  13.3
        D:5 |     416 |       0 |   0.0 |      11 |       0 |   0.0
        D:6 |    1257 |       0 |   0.0 |      21 |       0 |   0.0
        D:7 |    2351 |     221 |   8.6 |      23 |       7 |  23.3
        D:8 |    1794 |    2944 |  62.1 |      17 |      16 |  48.5
        D:9 |    2443 |     686 |  21.9 |      30 |      16 |  34.8
       D:10 |     944 |    2380 |  71.6 |      14 |       9 |  39.1
       D:11 |    2058 |    1544 |  42.9 |      10 |       8 |  44.4
       D:13 |    1046 |    2090 |  66.6 |       2 |       4 |  66.7
    Ossuary |       0 |     399 | 100.0 |       0 |      40 | 100.0
            +---------+---------+-------+---------+---------+-------
